 Dungeon Crawl Stone Soup version 0.27.1-34-g3ba077fa99 (webtiles) character file.

Game seed: 7267831061644088989

28 cbfl8 the Sneak (level 2, -5/27 HPs)
             Began as a Minotaur Delver on Jan 20, 2022.
             Slain by a phantom (6 damage)
             ... on level 4 of the Dungeon.
             The game lasted 00:00:46 (421 turns).

cbfl8 the Sneak (Minotaur Delver)                    Turns: 421, Time: 00:00:47

Health: -5/27      AC:  3    Str: 16    XL:     2   Next: 96%
Magic:  1/1        EV: 11    Int:  7    God:
Gold:   0          SH:  0    Dex: 11    Spells: 1/1 levels left

rFire    . . .     SeeInvis .   a - +0 hand axe
rCold    . . .     Faith    .   (no shield)
rNeg     . . .     Spirit   .   b - +0 leather armour
rPois    .         Reflect  .   (helmet restricted)
rElec    .         Harm     .   (no cloak)
rCorr    .         Rampage  .   (no gloves)
Will     .....                  (no boots)
Stlth    ++........             (no amulet)
HPRegen  0.09/turn              (no ring)
MPRegen  0.07/turn              (no ring)

@: no status effects
A: horns 2, retaliatory headbutt
a: no special abilities


You were on level 4 of the Dungeon.
You visited 1 branch of the dungeon, and saw 2 of its levels.

Inventory:

Hand Weapons
 a - a +0 hand axe (weapon)
Armour
 b - a +0 leather armour (worn)
 h - a +0 chain mail
Wands
 g - a wand of digging (3)
Scrolls
 c - a scroll of fog
 d - a scroll of magic mapping
 e - a scroll of fear
 i - a scroll of enchant weapon {unknown}
Potions
 f - a potion of haste


   Skills:
 + Level 3.9 Fighting
 + Level 2.5 Axes
 + Level 0.3 Armour
 + Level 2.2 Dodging
 + Level 4.7 Stealth


You had one spell level left.
You didn't know any spells.
Your spell library contained the following spells:

 Spells                   Type           Power      Damage    Failure   Level
 Ignite Poison            Fire/Tmut/Pois 0%         N/A       86%         3
 Mephitic Cloud           Conj/Pois/Air  0%         N/A       86%         3
 Bolt of Magma            Conj/Fire/Erth 0%         4d4       100%        5


Dungeon Overview and Level Annotations

Branches:
Dungeon (5/15)
 Temple: D:4-7

Altars:
The Shining One

Shops:
D:4 (


Innate Abilities, Weirdness & Mutations

You have a pair of horns on your head.
You reflexively headbutt those who attack you in melee.


Message History

You hit the adder.
You kill the adder!
You feel sick.
You feel sick.
You see here an adder corpse.
You start resting.
You feel sick.
You are no longer poisoned.
You start resting.
HP restored.
You start waiting.
Done waiting.
An adder and a phantom come into view.
i - a scroll labelled RAGIVA RITHRA An adder comes into view.
The helpless adder fails to defend itself.
You slash the adder!
The adder is almost dead.
The adder bites you. The adder bites you but does no damage.
You hit the adder.
The adder is almost dead.
The adder bites you.
You are poisoned.
The adder poisons you!
You hit the adder but do no damage. You headbutt the adder.
You kill the adder!
You feel sick. The phantom closely misses you.
You feel sick.
You see here an adder corpse.
You hit the phantom but do no damage.
You feel sick. The phantom hits you!
You hit the phantom.
The phantom is lightly damaged.
You feel sick. The phantom hits you.
* * * LOW HITPOINT WARNING * * *
You closely miss the phantom.
The phantom is lightly damaged.
* * * LOW HITPOINT WARNING * * *
You feel sick.
You are no longer poisoned.
The phantom hits you.
You die...

##############
##............#
#........W@.#
#.####.####.# #.#
..... .#
#.#.......#.#
#W#.......#.#
#....._.....# # ###
#.#.......#.#
.##.###รท#.....S.#.#
.>......# .W...


You could see a phantom.

Vanquished Creatures
  3 adders (D:4)
3 creatures vanquished.

Notes
Turn   | Place    | Note
-------+----------+-------------------------------------------
     0 | D:5      | cbfl8 the Minotaur Delver began the quest for the Orb.
     0 | D:5      | Reached XP level 1. HP: 19/19 MP: 0/0
    54 | D:5      | Noticed a gnoll sergeant
    65 | D:4      | Found Owyts's Antique Weapon Shop.
    75 | D:4      | Reached XP level 2. HP: 17/27 MP: 1/1
   108 | D:4      | Found a glowing golden altar of the Shining One.
   400 | D:4      | Noticed a phantom
   421 | D:4      | HP: 1/27 [poisoned by an adder]
   421 | D:4      | Slain by a phantom

Illustrated notes

Levels and vault maps discovered:
D:4:      layout_rooms, old_standard_altar, minmay_temple_entry_mist,
          serial_shops, nicolae_shop_crystal
D:5:      layout_gridville, gup_sewer_entry_bubbles, uniq_prince_ribbit1,
          uniq_pikel

Action                   || total
-------------------------++-------
Melee: Hand axe          ||    15
       Headbutt          ||     1
 Stab: Sleeping          ||     1
Armor: Leather armour    ||     1
Dodge: Dodged            ||     9
